 Dungeon Crawl Stone Soup version 0.32-a0-422-g28b100f618 (webtiles) character file.

Game seed: 2189364314723467030

588 Aldia the Chopper (level 7, -5/61 HPs)
             Began as a Mountain Dwarf Monk on Feb 21, 2024.
             Slain by a gnoll
             ... wielding a +0 halberd
              (7 damage)
             ... on level 3 of the Dungeon.
             The game lasted 00:06:25 (3378 turns).

Aldia the Chopper (Mountain Dwarf Monk)             Turns: 3378, Time: 00:06:26

Health: -5/61      AC: 11    Str: 16    XL:     7   Next: 15%
Magic:  7/7        EV:  8    Int: 10    God:
Gold:   190        SH:  0    Dex: 12    Spells: 4/6 levels left

rFire   . . .        a - +1 hand axe
rCold   . . .        d - orb {light}
rNeg    . . .        n - +1 chain mail
rPois   .            c - +0 helmet
rElec   .            r - scarf {repulsion}
rCorr   .            (no gloves)
SInv    .            (no boots)
Will    .....        (no amulet) Stlth
                     (no ring)
HPRegen 0.30/turn    (no ring)
MPRegen 0.10/turn

%: repel missiles
@: glowing
A: runic magic, artefact enchanting
a: no special abilities


You were on level 3 of the Dungeon.
You visited 1 branch of the dungeon, and saw 3 of its levels.
You also visited: Sewer.

You collected 190 gold pieces.

Inventory:

Hand Weapons
 a - a +1 hand axe (weapon)
Armour
 b - a +0 robe
 c - a +0 helmet (worn)
 d - an orb of light (worn)
 j - a +0 ring mail
 n - a +1 chain mail (worn)
 r - a scarf of repulsion (worn)
Scrolls
 e - a scroll of identify {unknown}
 f - 2 scrolls of teleportation
 h - a scroll of enchant armour
 k - a scroll of enchant weapon
 l - a scroll of revelation {unknown}
 o - a scroll of vulnerability {unknown}
 q - 2 scrolls of blinking
Potions
 g - 2 potions of curing {unknown}
 i - a potion of berserk rage {unknown}
 m - a potion of invisibility {unknown}
 p - 2 potions of heal wounds {unknown}


   Skills:
 + Level 5.3 Fighting
 * Level 7.6 Axes
 + Level 3.6 Armour
 - Level 2.1 Dodging


You had 4 spell levels left.
You knew the following spells:

 Your Spells              Type           Power      Damage    Failure   Level
a - Blink                 Tloc           0%         N/A       71%         2

Your spell library contained the following spells:

 Spells                   Type           Power      Damage    Failure   Level
 Magic Dart               Conj           0%         1d3       56%         1
 Shock                    Conj/Air       0%         1d3       56%         1
 Call Imp                 Summ           0%         N/A       71%         2
 Swiftness                Air            0%         N/A       91%         3
 Airstrike                Air            0%         2d(0-16)  100%        4
 Chain Lightning          Conj/Air       0%         N/A       100%        9
 Fire Storm               Conj/Fire      0%         5d1       100%        9
 Shatter                  Erth           0%         3d5*      100%        9


Dungeon Overview and Level Annotations

Branches:
Dungeon (3/15)              Sewer (visited)

Altars:
Xom


Innate Abilities, Weirdness & Mutations

Your spellcasting is much less encumbered by armour.
You can use scrolls of enchantment on lesser artefacts.


Message History

The gnoll is moderately wounded.
The gnoll hits you from afar with a +0 halberd.
The gnoll barely misses you.
You completely miss the gnoll.
The gnoll is moderately wounded.
The gnoll hits you from afar with a +0 halberd.
The gnoll completely misses you.
You hit the gnoll but do no damage.
The gnoll is moderately wounded.
The gnoll hits you from afar with a +0 halberd.
The gnoll hits you with a +0 whip.
You hit the gnoll.
The gnoll is heavily wounded.
The gnoll hits you but does no damage. The gnoll hits you with a +0 whip.
You hit the gnoll.
The gnoll is heavily wounded.
The gnoll hits you but does no damage. The gnoll misses you.
You hit the gnoll.
The gnoll is severely wounded.
The gnoll hits you from afar with a +0 halberd!
* * * LOW HITPOINT WARNING * * *
The gnoll hits you but does no damage.
You slash the gnoll!
You kill the gnoll!
The gnoll barely misses you. The gnoll hits you with a +0 halberd!
* * * LOW HITPOINT WARNING * * *
Things that are here:
a +0 whip; a +0 club; a gnoll corpse You barely miss the gnoll.
The gnoll barely misses you.
You hit the gnoll but do no damage. The gnoll hits you with a +0 halberd.
* * * LOW HITPOINT WARNING * * *
You hit the gnoll.
The gnoll is lightly wounded.
The gnoll hits you with a +0 halberd.
* * * LOW HITPOINT WARNING * * *
You hit the gnoll.
The gnoll is heavily wounded.
The gnoll hits you with a +0 halberd!
You die...

#. ##...###### #.#
##.....## #..##
##.......## ##...#
#.........### #.....
+.........รท.. ###...#
#.........### #.....#
##.......## # #g#
##.....## #. #@#
##...## #.###.# ##+##
#.....# #.# ###.###
#####.#### #....#
#..)....)#
#.#..#####.##...#.#
#.#..#............#
#.#..#.###.##...#.####
#.#........###........


You could see a gnoll.

Vanquished Creatures
  A phantom (D:3)
  2 bullfrogs (Sewer)
  Natasha (D:3)
  3 gnolls (D:3)
  3 river rats (D:3)
  11 adders
  2 ribbon worms (D:3)
  10 dart slugs
  14 endoplasms
  22 giant cockroaches
  2 goblins
  2 hobgoblins (D:2)
  3 kobolds (D:3)
  2 quokkas
  6 ball pythons
  6 bats
  18 frilled lizards
  4 rats
  2 butterflies (D:3)
114 creatures vanquished.

Notes
Turn   | Place    | Note
-------+----------+-------------------------------------------
     0 | D:1      | Aldia the Mountain Dwarf Monk began the quest for the Orb.
     0 | D:1      | Reached XP level 1. HP: 19/19 MP: 1/1
   138 | D:1      | Reached skill level 4 in Axes
   162 | D:1      | Reached XP level 2. HP: 21/26 MP: 2/2
   545 | D:1      | Found a faded altar of an unknown god.
  1168 | D:2      | Reached XP level 3. HP: 33/33 MP: 3/3
  1496 | D:3      | Found a shimmering altar of Xom.
  1548 | D:3      | Reached skill level 1 in Armour
  1582 | D:3      | Reached skill level 5 in Axes
  1649 | D:3      | Reached XP level 4. HP: 40/40 MP: 4/4
  1787 | D:3      | Reached XP level 5. HP: 40/46 MP: 5/5
  1887 | D:3      | Found a glowing drain.
  1895 | Sewer    | Entered a sewer
  1906 | Sewer    | Reached skill level 6 in Axes
  2042 | Sewer    | Learned a level 2 spell: Blink
  2325 | Sewer    | Reached XP level 6. HP: 53/53 MP: 6/6
  2440 | Sewer    | Reached skill level 5 in Fighting
  2440 | Sewer    | Reached skill level 7 in Axes
  2660 | D:3      | Reached XP level 7. HP: 41/61 MP: 7/7
  3201 | D:3      | Noticed Natasha
  3208 | D:3      | Killed Natasha
  3377 | D:3      | HP: 2/61 [gnoll/+0 halberd (5)]
  3378 | D:3      | Slain by a gnoll

Illustrated notes

Levels and vault maps discovered:
D:1:      roadster_arrival_rocket_small, layout_loops_ring,
          hellmonk_ecumenical_altar_inner_sanctum, kennysheep_small_spiral,
          minmay_lizard_pond
D:2:      layout_rooms
D:3:      layout_loops_corners, xom_butterflies, lightli_sewer_entry_pipes,
          uniq_crazy_yiuf_cottage, uniq_natasha

Skill      XL: |  1  2  3  4  5  6 |
---------------+-------------------+-----
Axes           | 4 5 6 7 |  7.6
Armour         | 1 2 3 |  3.6
Fighting       | 4 5 |  5.3
Dodging        | |  2.1

Action                     |  1- 3 |  4- 6 |  7- 9 || total
---------------------------+-------+-------+-------++-------
  Melee: Hand axe          |    93 |   242 |    62 ||   397
    Use: Scroll            |     3 |       |     1 ||     4
         Potion            |       |     1 |       ||     1
 Armour: Robe              |     8 |       |       ||     8
         Ring mail         |    13 |       |       ||    13
         Chain mail        |    39 |   202 |    62 ||   303
  Dodge: Dodged            |    41 |   110 |    26 ||   177

Table legend: (Time is in decaauts)
 A = Elapsed time spent in this place.
 B = Non-inter-level travel time spent in this place.
 C = Inter-level travel time spent in this place.
 D = Time resting spent in this place.
 E = Time spent auto-exploring this place.
 F = Levels seen in this place.
 G = Mean time per level.
                   A        B        C        D        E       F      G
               +--------+--------+--------+--------+--------+-----+--------+
         Total |   3476 |   3300 |    176 |    224 |   2238 |   4 |  869.0 |
       Dungeon |   2844 |   2668 |    176 |    224 |   1912 |   3 |  948.0 |
         Sewer |    631 |    631 |      0 |      0 |    326 |   1 |  631.0 |
               +--------+--------+--------+--------+--------+-----+--------+

Top non-repeatable levels by time:
     D:3: 1162 daAuts
     D:1: 1015 daAuts
     D:2: 666 daAuts
   Sewer: 631 daAuts
